 Seeded DCSS version 0.30-a0-385-gfebfb9b408 (webtiles) character file.

Game seed: 696969 (custom seed)

2 McGhostyFace the Cutter (level 1, 17/17 HPs)
             Began as a Draconian Wanderer on Dec 3, 2022.
             Quit the game on level 1 of the Dungeon.
             The game lasted 00:01:02 (138 turns).

McGhostyFace the Cutter (Draconian Wanderer)         Turns: 138, Time: 00:01:02

Health: 17/17      AC:  4    Str: 11    XL:     1   Next: 33%
Magic:  1/1        EV: 11    Int:  9    God:
Gold:   11         SH:  0    Dex: 16    Spells: 0/0 levels left

rFire   . . .      SeeInvis .    g - +0 sling (vorpal)
rCold   . . .      Faith    .    (no shield)
rNeg    . . .      Spirit   .    (body armour unavailable)
rPois   .          Reflect  .    (helmet restricted)
rElec   .          Harm     .    (no cloak)
rCorr   .          Rampage  .    (no gloves)
Will    .....                    (no boots)
Stlth   ++........               (no amulet)
HPRegen 0.22/turn                (no ring)
MPRegen 0.07/turn                (no ring)

@: no status effects
A: AC +4, unfitting armour, cold-blooded
a: no special abilities


You were on level 1 of the Dungeon.
You visited 1 branch of the dungeon, and saw 1 of its levels.

You collected 11 gold pieces.

Inventory:

Hand Weapons
 a - a +1 rapier
 b - a +0 falchion
 g - a +0 vorpal sling (weapon)
Scrolls
 c - a scroll of butterflies
 f - 2 scrolls of identify {unknown}
Potions
 d - a potion of heal wounds {unknown}
 e - a potion of haste {unknown}


   Skills:
 + Level 2.2 Fighting
 + Level 5.0(5.2) Short Blades
 + Level 2.0(3.8) Long Blades
 + Level 1.0 Stealth


You couldn't memorise any spells.
You didn't know any spells.
Your spell library was empty.

Dungeon Overview and Level Annotations

Branches:
Dungeon (1/15)

Altars:


Innate Abilities, Weirdness & Mutations

Your plain brown scales are hard. (AC +4)
You cannot fit into any form of body armour.
You are cold-blooded and may be slowed by cold attacks.


Message History

There is a stone staircase leading down here.
A kobold comes into view. It is wielding a +0 club.
A kobold is nearby!
Found 3 poisoned darts and a scroll labelled FUAGEEKL XOSCHU.
The kobold shouts!
You see here a +0 vorpal sling.
g - a +0 vorpal sling
g - a +0 vorpal sling (weapon)
You shoot a sling bullet. The sling bullet hits the kobold.
You kill the kobold!
No target in view!
f - 2 scrolls labelled FUAGEEKL XOSCHU (gained 1)
A bat comes into view.
You shoot a sling bullet.
The sling bullet closely misses the bat.
You hear a shout!
The bat barely misses you. The bat hits you but does no damage.
A hobgoblin comes into view.
You shoot a sling bullet. The sling bullet barely misses the bat.
The bat closely misses you. The bat hits you but does no damage.
You shoot a sling bullet. The sling bullet hits the bat.
You kill the bat!
You shoot a sling bullet.
The sling bullet closely misses the hobgoblin.
You shoot a sling bullet. The sling bullet hits the hobgoblin.
You kill the hobgoblin!
No target in view!
No target in view!
(D) Dungeon
Where to? (? - help)
Okay, then.
Welcome back, McGhostyFace the Draconian Wanderer.
Game seed: 696969 (custom seed) Press ? for a list of commands and other information.
Unknown command.
Okay, then.
Are you sure you want to abandon this character and quit the game? (Confirm with "yes".)
Okay, then.
Unknown command.
Are you sure you want to abandon this character and quit the game? (Confirm with "yes".)

#.# ####.#######
#...........
#...........
#...........
#...........
#...†.......
#...@...#
####.#### #.# #.#
#.# #.# #.# #.#
#.################


There were no monsters in sight!

Vanquished Creatures
  A hobgoblin (D:1)
  A bat (D:1)
  A kobold (D:1)
3 creatures vanquished.

Notes
Turn   | Place    | Note
-------+----------+-------------------------------------------
     0 | D:1      | McGhostyFace the Draconian Wanderer began the quest for the
                  | Orb.
     0 | D:1      | McGhostyFace set off with the following items: a +1 rapier,
                  | a +0 falchion, a scroll of butterflies.
     0 | D:1      | Reached XP level 1. HP: 17/17 MP: 1/1
   138 | D:1      | Quit the game

Illustrated notes

Levels and vault maps discovered:
D:1:      lemuel_arrival_broad_hall, layout_basic

Action                   || total
-------------------------++-------
 Fire: Sling             ||     6
Armor: Skin              ||     2
Dodge: Dodged            ||     2

Table legend: (Time is in decaauts)
 A = Elapsed time spent in this place.
 B = Non-inter-level travel time spent in this place.
 C = Inter-level travel time spent in this place.
 D = Time resting spent in this place.
 E = Time spent auto-exploring this place.
 F = Levels seen in this place.
 G = Mean time per level.
                   A        B        C        D        E       F      G
               +--------+--------+--------+--------+--------+-----+--------+
         Total |    139 |    139 |      0 |      0 |    116 |   1 |  139.0 |
       Dungeon |    139 |    139 |      0 |      0 |    116 |   1 |  139.0 |
               +--------+--------+--------+--------+--------+-----+--------+

Top non-repeatable levels by time:
     D:1: 139 daAuts
